 Dungeon Crawl Stone Soup version 0.30-a0-989-g0d87f670db (webtiles) character file.

Game seed: 16282198610634296450

472 2tousent the Grave Robber (level 7, -1/51 HPs)
             Began as a Gnoll Necromancer on Apr 3, 2023.
             Slain by Duvessa
             ... wielding a +0 short sword
              (8 damage)
             ... on level 4 of the Dungeon.
             The game lasted 00:06:34 (3904 turns).

2tousent the Grave Robber (Gnoll Necromancer)       Turns: 3904, Time: 00:06:35

Health: -1/51      AC:  7    Str:  9    XL:     7   Next: 9%
Magic:  3/15       EV: 11    Int: 15    God:
Gold:   219        SH:  0    Dex: 12    Spells: 7/17 levels left

rFire   . . .      SeeInvis .    y - +0 dagger (venom)
rCold   . . .      Faith    .    (no shield)
rNeg    . . .      Spirit   .    j - +0 ring mail
rPois   .          Reflect  .    r - +0 helmet
rElec   .          Rampage  .    (no cloak)
rCorr   .                        p - +0 pair of gloves
Will    .....                    (no boots)
Stlth   ++                       (no amulet)
HPRegen 0.28/turn                f - ring of flight
MPRegen 0.14/turn                (no ring)

@: flying
A: fangs 1, strong nose, distributed training
a: no special abilities


You were on level 4 of the Dungeon.
You visited 1 branch of the dungeon, and saw 4 of its levels.
You also visited: Sewer.

You collected 219 gold pieces.

Inventory:

Hand Weapons
 k - a +0 short sword
 l - a +0 dagger of speed
 q - a +2 dagger of draining
 y - a +0 dagger of venom (weapon)
Armour
 a - a +0 robe
 d - a +0 leather armour
 i - a +0 scale mail
 j - a +0 ring mail (worn)
 p - a +0 pair of gloves (worn)
 r - a +0 helmet (worn)
Magical Staves
 u - a staff of cold
Jewellery
 f - a ring of flight (left hand)
 w - the ring "Samp" {rF+ rC+ EV+5}
   (You found it in a sewer)

   [ring of evasion]

   EV:        It affects your evasion (+5).
   rF:        It protects you from fire.
   rC:        It protects you from cold.
Wands
 t - a wand of flame (32)
Scrolls
 c - 2 scrolls of blinking
 e - a scroll of identify
 o - a scroll of poison
 x - a scroll of enchant armour {unknown}
Potions
 b - a potion of magic
 g - 3 potions of curing
 m - 2 potions of flight {unknown}
 s - a potion of degeneration {unknown}
 v - a potion of brilliance {unknown}
 z - a potion of cancellation {unknown}


   Skills:
 + Level 2.3 Fighting
 + Level 2.3 Short Blades
 + Level 2.3 Long Blades
 + Level 2.3 Axes
 + Level 2.3 Maces & Flails
 + Level 2.3 Polearms
 + Level 2.3 Staves
 + Level 2.3 Ranged Weapons
 + Level 2.3 Throwing
 + Level 2.3 Armour
 + Level 5.2 Dodging
 + Level 4.8 Stealth
 + Level 2.3 Shields
 + Level 2.3 Unarmed Combat
 + Level 5.5 Spellcasting
 + Level 1.9 Conjurations
 + Level 1.9 Hexes
 + Level 1.9 Summonings
 + Level 7.4 Necromancy
 + Level 1.9 Translocations
 + Level 1.9 Transmutations
 + Level 1.9 Fire Magic
 + Level 1.9 Ice Magic
 + Level 1.9 Air Magic
 + Level 1.9 Earth Magic
 + Level 1.9 Poison Magic
 + Level 2.6 Invocations
 + Level 2.3 Evocations


You had 7 spell levels left.
You knew the following spells:

 Your Spells              Type           Power      Damage    Failure   Level
a - Necrotise             Necr           100%       1d9       1%          1
b - Vampiric Draining     Necr           26%        2d7       6%          3
c - Animate Dead          Necr           26%        N/A       21%         4
d - Sublimation of Blood  Necr           26%        N/A       3%          2

Your spell library contained the following spells:

 Spells                   Type           Power      Damage    Failure   Level
 Wereblood                Tmut           9%         N/A       28%         2
 Agony                    Necr           26%        N/A       50%         5
 Animate Armour           Summ/Erth      18%        N/A       88%         4
 Blade Hands              Tmut           4%         N/A       99%         5
 Iron Shot                Conj/Erth      4%         9d2       100%        6
 Summon Hydra             Summ           4%         N/A       100%        7


Dungeon Overview and Level Annotations

Branches:
Dungeon (4/15)              Sewer (visited)
 Temple: D:4-7

Altars:
Dithmenos
Makhleb
Qazlal

Annotations:
D:4 Dowan, Duvessa


Innate Abilities, Weirdness & Mutations

You have very sharp teeth.
Your uncanny sense of smell can sniff out nearby items.
Your experience applies equally to all skills.


Message History

Your goblin skeleton hits Duvessa but does no damage.
Dowan gestures wildly while chanting.
Dowan blinks!
Duvessa hits your goblin skeleton with a +0 short sword!
Your goblin skeleton is destroyed!
Duvessa shouts!
You barely miss Duvessa. You bite Duvessa, but do no damage.
Duvessa is severely wounded.
Duvessa hits you with a +0 short sword.
* * * LOW HITPOINT WARNING * * *
Unknown command.
Casting: Necrotise (safe; 1% risk of failure)
Confirm with . or Enter, or press ? or * to list all spells.
Aiming: Necrotise (safe; 1% risk of failure)
Press: ? - help, Shift-Dir - straight line, f/p - Duvessa
Aim: Duvessa, wielding a +0 short sword and wearing a +0 leather armour of willpower (severely wounded, very poisoned, chance to affect: 35%) Duvessa easily resists.
Your surroundings suddenly seem different.
Unknown command.
You start resting.
Duvessa is nearby!
Duvessa is nearby!
Casting: Necrotise (safe; 1% risk of failure)
Confirm with . or Enter, or press ? or * to list all spells.
Aiming: Necrotise (safe; 1% risk of failure)
Press: ? - help, Shift-Dir - straight line, f/p - Duvessa
Aim: Duvessa, wielding a +0 short sword and wearing a +0 leather armour of willpower (almost dead, poisoned, chance to affect: 35%) Duvessa easily resists.
Unknown command.
Casting: Necrotise (safe; 1% risk of failure)
Confirm with . or Enter, or press ? or * to list all spells.
Aiming: Necrotise (safe; 1% risk of failure)
Press: ? - help, Shift-Dir - straight line, f/p - Duvessa
Aim: Duvessa, wielding a +0 short sword and wearing a +0 leather armour of willpower (almost dead, poisoned, chance to affect: 35%) Duvessa easily resists.
Duvessa looks more healthy.
Unknown command.
You hit Duvessa but do no damage. You bite Duvessa, but do no damage.
Duvessa is almost dead.
Duvessa hits you with a +0 short sword!
You die...

###.ยง..#...............
##..........)........
#e###.#..##.........
#.##................
###.#..#~.~#..........
###......~~~~~..........
#......#~~~~~~~#........
#..##..e~~~~~~~........#
####...@~~~.~~~.......##
##....~~~~~~~......##
#....#~~~~~~~#.....# #
#.##...~~~~~.......###
#.###..#..~#..........
#########.####.............###
#.........................##
#..<.......#######.........#
#..........# #.........#


You could see Duvessa and Dowan (wandering).

Vanquished Creatures
  An ogre (D:4)
  A bullfrog (Sewer)
  An orc priest (D:3)
  A hound (D:4)
  2 orc wizards (D:4)
  4 adders
  3 worms
  2 dart slugs
  5 orcs
  10 endoplasms
  13 giant cockroaches
  6 goblins
  4 hobgoblins
  4 jackals (D:4)
  7 quokkas
  11 ball pythons
  A bat (D:2)
  11 frilled lizards
  8 kobolds
  4 rats
99 creatures vanquished.

Vanquished Creatures (collateral kills)
  A bullfrog (Sewer)
  4 ball pythons
  An endoplasm (Sewer)
  2 frilled lizards
8 creatures vanquished.

Vanquished Creatures (others)
  A ball python zombie (Sewer)
  A quokka zombie (Sewer)
2 creatures vanquished.

Grand Total: 109 creatures vanquished

Notes
Turn   | Place    | Note
-------+----------+-------------------------------------------
     0 | D:1      | 2tousent the Gnoll Necromancer began the quest for the Orb.
     0 | D:1      | Reached XP level 1. HP: 13/13 MP: 6/6
    74 | D:1      | Found a faded altar of an unknown god.
    92 | D:1      | Reached XP level 2. HP: 15/19 MP: 0/7
   920 | D:2      | Reached skill level 5 in Spellcasting
   920 | D:2      | Reached XP level 3. HP: 25/25 MP: 2/9
  1029 | D:2      | Reached skill level 1 in Invocations
  1399 | D:2      | Reached skill level 1 in Fighting
  1399 | D:2      | Reached skill level 1 in Short Blades
  1399 | D:2      | Reached skill level 1 in Long Blades
  1399 | D:2      | Reached skill level 1 in Axes
  1399 | D:2      | Reached skill level 1 in Maces & Flails
  1399 | D:2      | Reached skill level 1 in Polearms
  1399 | D:2      | Reached skill level 1 in Staves
  1399 | D:2      | Reached skill level 1 in Ranged Weapons
  1399 | D:2      | Reached skill level 1 in Throwing
  1399 | D:2      | Reached skill level 1 in Armour
  1399 | D:2      | Reached skill level 1 in Shields
  1399 | D:2      | Reached skill level 1 in Unarmed Combat
  1399 | D:2      | Reached skill level 1 in Evocations
  1491 | D:2      | Learned a level 3 spell: Vampiric Draining
  1668 | D:2      | Reached XP level 4. HP: 18/32 MP: 4/11
  1782 | D:3      | Reached skill level 1 in Conjurations
  1782 | D:3      | Reached skill level 1 in Hexes
  1782 | D:3      | Reached skill level 1 in Summonings
  1782 | D:3      | Reached skill level 1 in Translocations
  1782 | D:3      | Reached skill level 1 in Transmutations
  1782 | D:3      | Reached skill level 1 in Fire Magic
  1782 | D:3      | Reached skill level 1 in Ice Magic
  1782 | D:3      | Reached skill level 1 in Air Magic
  1782 | D:3      | Reached skill level 1 in Earth Magic
  1782 | D:3      | Reached skill level 1 in Poison Magic
  1938 | D:3      | Learned a level 4 spell: Animate Dead
  2093 | D:3      | Found a shadowy altar of Dithmenos.
  2740 | D:4      | Reached XP level 5. HP: 22/37 MP: 4/12
  2743 | D:4      | Found a glowing drain.
  2753 | Sewer    | Entered a sewer
  3386 | Sewer    | Reached skill level 5 in Dodging
  3386 | Sewer    | Reached XP level 6. HP: 21/44 MP: 1/14
  3408 | Sewer    | Identified the ring "Samp" {rF+ rC+ EV+5}
  3676 | D:4      | Reached XP level 7. HP: 32/50 MP: 7/15
  3812 | D:4      | Learned a level 2 spell: Sublimation of Blood
  3864 | D:4      | Found a burning altar of Makhleb.
  3864 | D:4      | Found a stormy altar of Qazlal.
  3870 | D:4      | Noticed Duvessa
  3871 | D:4      | Noticed Dowan
  3904 | D:4      | Slain by Duvessa

Illustrated notes

Levels and vault maps discovered:
D:1:      lightli_arrival_windingriver, layout_rooms,
          hellmonk_ecumenical_altar_lost_god
D:2:      layout_loops_ring, minmay_diced_spiral
D:3:      layout_basic, mainiacjoe_overflow_concentric_impassable
D:4:      layout_rooms, grunt_temple_overflow_open,
          cheibrodos_sewer_entry_drain, uniq_duvessa

Skill      XL: |  1  2  3  4  5  6 |
---------------+-------------------+-----
Spellcasting   | 5 |  5.5
Invocations    | 1 2 |  2.6
Fighting       | 1 2 |  2.3
Short Blades   | 1 2 |  2.3
Long Blades    | 1 2 |  2.3
Axes           | 1 2 |  2.3
Maces & Flails | 1 2 |  2.3
Polearms       | 1 2 |  2.3
Staves         | 1 2 |  2.3
Ranged Weapons | 1 2 |  2.3
Throwing       | 1 2 |  2.3
Armour         | 1 2 |  2.3
Shields        | 1 2 |  2.3
Unarmed Combat | 1 2 |  2.3
Evocations     | 1 2 |  2.3
Conjurations   | 1 |  1.9
Hexes          | 1 |  1.9
Summonings     | 1 |  1.9
Translocations | 1 |  1.9
Transmutations | 1 |  1.9
Fire Magic     | 1 |  1.9
Ice Magic      | 1 |  1.9
Air Magic      | 1 |  1.9
Earth Magic    | 1 |  1.9
Poison Magic   | 1 |  1.9
Dodging        | 5 |  5.2
Stealth        | |  4.8
Necromancy     | |  7.4

Action                     |  1- 3 |  4- 6 |  7- 9 || total
---------------------------+-------+-------+-------++-------
  Melee: Short sword       |    26 |       |       ||    26
         Unarmed           |     6 |       |       ||     6
         Bite              |     3 |     5 |     2 ||    10
         Dagger            |     7 |    35 |    12 ||    54
         Punch             |       |     2 |       ||     2
   Cast: Necrotise         |    43 |   109 |    17 ||   169
         Animate Dead      |       |     1 |       ||     1
    Use: Scroll            |     4 |     4 |     1 ||     9
         Potion            |       |       |     1 ||     1
   Stab: Sleeping          |     2 |     1 |       ||     3
         Distracted        |       |     1 |       ||     1
 Armour: Ring mail         |    20 |    24 |     6 ||    50
  Dodge: Dodged            |    30 |    43 |     6 ||    79

Table legend: (Time is in decaauts)
 A = Elapsed time spent in this place.
 B = Non-inter-level travel time spent in this place.
 C = Inter-level travel time spent in this place.
 D = Time resting spent in this place.
 E = Time spent auto-exploring this place.
 F = Levels seen in this place.
 G = Mean time per level.
                   A        B        C        D        E       F      G
               +--------+--------+--------+--------+--------+-----+--------+
         Total |   3886 |   3729 |    157 |     58 |   2994 |   5 |  777.2 |
       Dungeon |   3122 |   2965 |    157 |     58 |   2412 |   4 |  780.5 |
         Sewer |    764 |    764 |      0 |      0 |    582 |   1 |  764.0 |
               +--------+--------+--------+--------+--------+-----+--------+

Top non-repeatable levels by time:
     D:3: 973 daAuts
     D:2: 902 daAuts
     D:1: 839 daAuts
   Sewer: 764 daAuts
     D:4: 407 daAuts
